 Dungeon Crawl Stone Soup version 0.30.1-9-gdf580d7c3d (webtiles) character file.

Game seed: 9306457403610013967

33 boopmooplesden the Twirler (level 3, -2/30 HPs)
             Began as a Minotaur Gladiator on Oct 6, 2023.
             Slain by Sigmund
             ... wielding a +0 scythe
              (3 damage)
             ... on level 2 of the Dungeon.
             The game lasted 00:01:18 (1002 turns).

boopmooplesden the Twirler (Minotaur Gladiator)     Turns: 1002, Time: 00:01:18

Health: -2/30      AC:  3    Str: 17 (20) XL:     3   Next: 12%
Magic:  2/2        EV: 12    Int:  2 (5)  God:
Gold:   52         SH:  0    Dex:  9 (11) Spells: 2/2 levels left

rFire   . . .        a - +0 quarterstaff
rCold   . . .        (shield currently unavailable)
rNeg    . . .        b - +0 leather armour
rPois   .            c - +0 hat
rElec   .            (no cloak)
rCorr   .            (no gloves)
SInv    .            (no boots)
Will    .....        (no amulet) Stlth
                     (no ring)
HPRegen 0.25/turn    (no ring)
MPRegen 0.08/turn

%: no passive effects
@: confused, mighty
A: horns 2, retaliatory headbutt
a: no special abilities


You were on level 2 of the Dungeon.
You visited 1 branch of the dungeon, and saw 2 of its levels.

You collected 52 gold pieces.

Inventory:

Hand Weapons
 a - a +0 quarterstaff (weapon)
 i - a +1 whip of electrocution
Missiles
 d - a throwing net (quivered)
 e - 3 javelins
Armour
 b - a +0 leather armour (worn)
 c - a +0 hat (worn)
 j - a +0 scale mail
Jewellery
 n - a ring of willpower
Scrolls
 h - a scroll of enchant weapon {unknown}
 k - a scroll of teleportation {unknown}
 m - 2 scrolls of identify
Potions
 l - a potion of berserk rage {unknown}


   Skills:
 + Level 2.7 Fighting
 + Level 4.1 Staves
 + Level 2.4 Throwing
 + Level 0.5 Armour
 + Level 3.7 Dodging


You had 2 spell levels left.
You didn't know any spells.
Your spell library was empty.

Dungeon Overview and Level Annotations

Branches:
Dungeon (2/15)

Altars:

Annotations:
D:2 Sigmund


Innate Abilities, Weirdness & Mutations

You have a pair of horns on your head.
You reflexively headbutt those who attack you in melee.


Message History

The puff of flame hits you!
Sigmund is nearby!
Sigmund gestures at you while chanting.
You are confused.
Sigmund points at you and mumbles some strange words.
The puff of flame hits you!
Non-targeted confused throw: 3 throwing nets
Press: ? - help, Q - select action, (/) - cycle Dir - look around, f - activate You throw a throwing net.
Sigmund points at you and mumbles some strange words.
The magic dart hits you.
Non-targeted confused throw: 2 throwing nets
Press: ? - help, Q - select action, (/) - cycle Dir - look around, f - activate You can't see that place. [the floor.]
You throw a throwing net. Sigmund barely misses you.
You bump into the rock wall.
Sigmund casts a spell at you.
You are more confused.
Sigmund giggles. "Time to reap what you sow."
Sigmund gestures at you while chanting.
You are more confused.
Sigmund barely misses you.
Non-targeted confused throw: throwing net
Press: ? - help, Q - select action, (/) - cycle Dir - look around, f - activate You can't see that place. [a rock wall.]
Okay, then.
Sigmund hits you with a +0 scythe!
* * * LOW HITPOINT WARNING * * *
You bump into the rock wall.
Sigmund hits you with a +0 scythe.
* * * LOW HITPOINT WARNING * * *
It was a potion of might.
You feel very mighty all of a sudden.
It was a potion of degeneration.
There was something very wrong with that liquid.
You feel weakened.
You feel dopey.
You feel clumsy. Sigmund hits you with a +0 scythe.
You die...

###### #... .........
#########.####......#
...........#.#......#
.##....>.........#
.###.####........#
........#.......## #
...#.##.#(......###.#
...#.##.##.###.@..(.#
...#.##.##.#....@####
...#.##.##.#.....#
........##.......#
........####.....#
##.#.##.# #.....#
#.#.##.# #######
#.#.##.#####
#..........#
###...###..# #


You could see Sigmund.

Vanquished Creatures
  A worm (D:2)
  2 dart slugs (D:1)
  3 endoplasms
  3 goblins
  3 hobgoblins
  4 jackals (D:1)
  3 kobolds
  A ball python (D:1)
  A bat (D:2)
  2 rats (D:1)
23 creatures vanquished.

Notes
Turn   | Place    | Note
-------+----------+-------------------------------------------
     0 | D:1      | boopmooplesden the Minotaur Gladiator began the quest for
                  | the Orb.
     0 | D:1      | Reached XP level 1. HP: 18/18 MP: 0/0
   158 | D:1      | Reached XP level 2. HP: 25/25 MP: 1/1
   545 | D:1      | Reached skill level 4 in Staves
   788 | D:2      | Reached XP level 3. HP: 26/30 MP: 2/2
   986 | D:2      | Noticed Sigmund
  1000 | D:2      | HP: 1/30 [Sigmund/+0 scythe (4)]
  1002 | D:2      | Slain by Sigmund

Illustrated notes

Levels and vault maps discovered:
D:1:      sevenhm_arrival_forest_fort_small_6, layout_loops_cross
D:2:      layout_loops_cross, serial_shops, nicolae_shop_hallway_stairs,
          uniq_crazy_yiuf_cottage, uniq_sigmund

Skill      XL: |  1  2 |
---------------+-------+-----
Staves         | 4 |  4.1
Fighting       | |  2.7
Throwing       | |  2.4
Armour         | |  0.5
Dodging        | |  3.7

Action                     || total
---------------------------++-------
  Melee: Quarterstaff      ||    36
         Headbutt          ||     6
  Throw: Throwing net      ||     2
    Use: Scroll            ||     2
         Potion            ||     2
 Armour: Leather armour    ||    10
  Dodge: Dodged            ||    30
